[Event "Titled Tuesday Blitz May 31 Early 2022"]
[White "Vasquez Schroeder, Rodrigo"]
[Black "Prokofiev, Valentyn"]
[WhiteFideId "3400042"]
[BlackFideId "14160161"]
[WhiteElo "2567"]
[BlackElo "2174"]
[Result "1-0"]
[Round "09"]
[TimeControl "180+1"]
[Date "2022.05.31"]
[WhiteClock "0:00:21"]
[BlackClock "0:00:05"]

1. e4 e5 2. Nf3 Nc6 3. Bb5 a6 4. Ba4 Nf6 5. O-O Nxe4 6. d4 Be7 7. Qe2 b5 8. Bb3 d5 9. dxe5 Be6 10. Rd1 O-O 11. c3 Qd7 12. Be3 f6 13. exf6 Bxf6 14. Nbd2 Nd6 15. Re1 Rae8 16. Rad1 Qf7 17. Bf4 Nc4 18. Nxc4 dxc4 19. Bc2 Bg4 20. Be4 Ne5 21. Bxe5 Rxe5 22. Nxe5 Bxe2 23. Nxf7 Bxd1 24. Bd5 Bh5 25. Ne5+ Kh8 26. Bb7 a5 27. Bc6 b4 28. cxb4 axb4 29. Nxc4 Bd4 30. Bf3 Bxf3 31. gxf3 h6 32. Kg2 c5 33. a4 bxa3 34. bxa3 Rb8 35. Re2 Ra8 36. Rc2 Kh7 37. f4 Ra4 38. Kf3 Kg6 39. Ke4 Kh5 40. f3 Kh4 41. Kd5 Kh3 42. Kc6 Ra8 43. Kb5 Rf8 44. a4 Rxf4 45. a5 Rxf3 46. a6 Rf7 47. Ra2 g5 48. a7 Rxa7 49. Rxa7 Kxh2 50. Rh7 g4 51. Rxh6+ Kg2 52. Rg6 g3 53. Nd2 Kh3 54. Kc4 Be3 55. Kd3 Bxd2 56. Kxd2 g2 57. Ke2 c4 58. Kf2 c3 59. Rg3+ Kh2 60. Rxg2+ Kh1 61. Rg1+ Kh2 62. Rc1 1-0


[Site "https://www.chess.com"]

[Event "Titled Tuesday Blitz May 31 Early 2022"]
[White "Vokhidov, Shamsiddin"]
[Black "Dubov, Daniil"]
[WhiteFideId "14204223"]
[BlackFideId "24126055"]
[WhiteElo "2611"]
[BlackElo "2791"]
[Result "1-0"]
[Round "09"]
[TimeControl "180+1"]
[Date "2022.05.31"]
[WhiteClock "0:00:23"]
[BlackClock "0:00:04"]

1. e4 e5 2. Nf3 Nc6 3. Bb5 a6 4. Ba4 Nf6 5. O-O Be7 6. d3 b5 7. Bb3 d6 8. a3 O-O 9. Nc3 Rb8 10. Be3 h6 11. h3 Re8 12. a4 b4 13. Nd5 Na5 14. Nxf6+ Bxf6 15. Ba2 b3 16. Bxb3 Nxb3 17. cxb3 d5 18. Bc5 dxe4 19. dxe4 Qxd1 20. Rfxd1 Rxb3 21. Ba3 Bb7 22. Rac1 Rb6 23. Rc4 Rc6 24. Rdc1 Rxc4 25. Rxc4 Rd8 26. Kf1 Rd7 27. Ke2 g6 28. Ne1 Bg5 29. Nd3 f5 30. f3 fxe4 31. fxe4 a5 32. Nxe5 Ba6 33. Nxd7 Bxc4+ 34. Kf3 Bb3 35. Nc5 Bc2 36. Ne6 c6 37. Nxg5 hxg5 38. Be7 Bxa4 39. Kg4 Bc2 40. e5 Be4 41. g3 Bf5+ 42. Kxg5 Kf7 43. g4 Bxg4 44. hxg4 Kxe7 45. Kxg6 c5 46. g5 c4 47. Kh7 a4 48. g6 a3 49. bxa3 c3 50. g7 c2 51. g8=Q c1=Q 52. Qg7+ Ke8 53. Qg6+ Ke7 54. Qf6+ Ke8 55. Qe6+ Kf8 56. Qh6+ Qxh6+ 57. Kxh6 Kf7 58. Kg5 Ke6 59. Kf4 Kd5 60. Kf5 1-0


[Site "https://www.chess.com"]

[Event "Titled Tuesday Blitz May 31 Early 2022"]
[White "Vovk, Orest"]
[Black "Demchenko, Anton"]
[WhiteFideId "14113490"]
[BlackFideId "4160258"]
[WhiteElo "2203"]
[BlackElo "2539"]
[Result "0-1"]
[Round "09"]
[TimeControl "180+1"]
[Date "2022.05.31"]
[WhiteClock "0:00:03"]
[BlackClock "0:01:13"]

1. h4 d5 2. h5 c5 3. e4 dxe4 4. Nc3 Nf6 5. Rh4 Bf5 6. g4 g5 7. hxg6 Bxg6 8. g5 Nd5 9. Nxe4 Nc6 10. Nxc5 Bg7 11. d4 Ndb4 12. Ne4 Nxd4 13. Bd3 Rc8 14. c3 Nf5 15. Bb5+ Kf8 16. Rh3 Qb6 17. Qa4 Nd4 18. cxd4 Nc2+ 19. Kf1 Nxa1 20. Be3 Bxe4 21. d5 Bc2 22. Qe4 Bxe4 0-1


[Site "https://www.chess.com"]

[Event "Titled Tuesday Blitz May 31 Early 2022"]
[White "Wagner, Dennis"]
[Black "Tymrakiewicz, Rafal"]
[WhiteFideId "24650684"]
[BlackFideId "1108832"]
[WhiteElo "2355"]
[BlackElo "2205"]
[Result "1-0"]
[Round "09"]
[TimeControl "180+1"]
[Date "2022.06.01"]
[WhiteClock "0:00:21"]
[BlackClock "0:00:01"]

1. e4 Nf6 2. Nc3 d5 3. exd5 Nxd5 4. Qf3 Nb4 5. Bc4 e6 6. Bb3 N8c6 7. Nge2 Na5 8. Ba4+ Bd7 9. a3 Nd5 10. Bxd7+ Qxd7 11. O-O Be7 12. b4 Nc6 13. Bb2 Ne5 14. Qe4 Ng6 15. Nxd5 Qxd5 16. Qxd5 exd5 17. Bxg7 Rg8 18. Bc3 Nh4 19. g3 O-O-O 20. Nd4 Bf6 21. f3 Rge8 22. gxh4 Bxd4+ 23. Bxd4 Re2 24. Rf2 Rg8+ 25. Kf1 Re6 26. h5 b6 27. Re1 Rxe1+ 28. Kxe1 Rg1+ 29. Rf1 Rg2 30. Be5 Kd7 31. Bg3 c5 32. bxc5 bxc5 33. Rh1 Ke6 34. Bf2 d4 35. Kf1 Rg5 36. h4 Rxh5 37. Rg1 f6 38. Rg8 Kf5 39. Ra8 Rh6 40. Rxa7 Ke5 41. Ra5 Kd5 42. d3 Rg6 43. c4+ dxc3 44. Rxc5+ Kd6 45. Rxc3 f5 46. a4 f4 47. a5 Rg7 48. a6 Rg8 49. a7 Ra8 50. Rb3 Kd5 51. Rb8 1-0


[Site "https://www.chess.com"]

[Event "Titled Tuesday Blitz May 31 Early 2022"]
[White "Xu, Yi"]
[Black "Vidit, Santosh Gujrathi"]
[WhiteFideId "8605564"]
[BlackFideId "5029465"]
[WhiteElo "2471"]
[BlackElo "2654"]
[Result "0-1"]
[Round "09"]
[TimeControl "180+1"]
[Date "2022.05.31"]
[WhiteClock "0:00:10"]
[BlackClock "0:00:27"]

1. e4 c5 2. Nf3 e6 3. d4 cxd4 4. Nxd4 Nc6 5. Nc3 Qc7 6. Be3 a6 7. g4 b5 8. Nxc6 Qxc6 9. Qd2 Bb7 10. O-O-O Nf6 11. f3 d6 12. g5 Nd7 13. Ne2 Ne5 14. Nd4 Qc7 15. h4 Be7 16. h5 d5 17. f4 Nc4 18. Bxc4 dxc4 19. g6 Bxe4 20. gxf7+ Kxf7 21. Rhg1 Bf6 22. Qe2 c3 23. b3 Qe7 24. Kb1 Rhd8 25. h6 g6 26. Nf3 Bf5 27. Ng5+ Kg8 28. Nf3 a5 29. Ne5 a4 30. Rxd8+ Qxd8 31. b4 Qd6 32. a3 Qd5 33. Ka1 Rd8 34. Bc1 Qe4 35. Qxe4 Bxe4 36. Rg3 Rc8 37. Kb1 Bf5 38. Be3 Bxe5 39. fxe5 Rc4 40. Bg5 Kf7 41. Bf6 Ke8 42. Bg5 Kd7 43. Bf6 Kc6 44. Bg5 Kd5 45. Bf6 Ke4 46. Rd3 Kf4 47. Rd7 g5 48. Rb7 Re4 49. Rxb5 Re1+ 50. Ka2 Bxc2 0-1


[Site "https://www.chess.com"]

[Event "Titled Tuesday Blitz May 31 Early 2022"]
[White "Agasarov, Benik"]
[Black "Vasquez Schroeder, Rodrigo"]
[WhiteFideId "13314823"]
[BlackFideId "3400042"]
[WhiteElo "2620"]
[BlackElo "2567"]
[Result "0-1"]
[Round "10"]
[TimeControl "180+1"]
[Date "2022.05.31"]
[WhiteClock "0:00:04"]
[BlackClock "0:00:50"]

1. d4 Nf6 2. c4 g6 3. Nc3 Bg7 4. e4 d6 5. Nf3 O-O 6. h3 e5 7. d5 Nh5 8. g3 a5 9. Be3 Na6 10. Nd2 Qe8 11. Be2 Nf6 12. a3 Bd7 13. Qc2 Nc5 14. h4 h5 15. b3 Ng4 16. Bxc5 dxc5 17. Bxg4 hxg4 18. h5 f5 19. O-O-O f4 20. Rh2 g5 21. h6 Bf6 22. Rdh1 Kh8 23. h7 Be7 24. a4 c6 25. Rh6 Rf6 26. R6h5 Rg6 27. Qd3 Bd6 28. dxc6 bxc6 29. Rh6 Qe6 30. Rxg6 Qxg6 31. Kc2 Rd8 32. Rd1 Be7 33. Qe2 Kxh7 34. Kb2 Be6 35. Nf1 Rd4 36. Nh2 Qh5 37. Rh1 Kg7 38. Qe1 Qg6 39. Nf1 Bd8 40. Qe2 Qf7 41. Nh2 Qd7 42. Rd1 Kg6 43. Nf1 Qb7 44. Nh2 Bxc4 45. Qc2 Be6 46. Ne2 Bxb3 47. Qxb3 Qxb3+ 48. Kxb3 Rxd1 49. Nxg4 Bc7 50. Kc4 Rd2 51. Ng1 fxg3 52. fxg3 Rd4+ 53. Kc3 Rxe4 54. Nf2 Rxa4 55. Nf3 e4 56. Nd2 Be5+ 57. Kb3 Rb4+ 58. Ka3 e3 59. Nd3 exd2 60. Nf4+ gxf4 61. gxf4 d1=Q 62. f5+ Kf7 63. f6 Qb3# 0-1


[Site "https://www.chess.com"]

[Event "Titled Tuesday Blitz May 31 Early 2022"]
[White "Al-Tarboush, Ward"]
[Black "Bluebaum, Matthias"]
[WhiteFideId "7601450"]
[BlackFideId "24651516"]
[WhiteElo "2294"]
[BlackElo "2556"]
[Result "0-1"]
[Round "10"]
[TimeControl "180+1"]
[Date "2022.05.31"]
[WhiteClock "0:00:02"]
[BlackClock "0:00:13"]

1. e4 e5 2. Nf3 Nf6 3. Nxe5 d6 4. Nf3 Nxe4 5. d4 d5 6. Bd3 Bd6 7. O-O O-O 8. c4 c6 9. Qc2 h6 10. Bxe4 dxe4 11. Qxe4 Re8 12. Qd3 Bg4 13. Nc3 Nd7 14. h3 Bh5 15. Nd2 Nc5 16. Qc2 Ne6 17. Nb3 Bc7 18. Be3 Qd6 19. f4 Qb4 20. Qf2 f5 21. c5 Rad8 22. Rae1 a5 23. d5 cxd5 24. Nd4 Nxc5 25. a3 Qc4 26. Nxf5 Ne6 27. Qh4 Bf7 28. Nxh6+ gxh6 29. Qxh6 d4 30. Rf3 Nf8 31. Rg3+ Bg6 32. Rxg6+ Nxg6 33. Qxg6+ Kf8 34. Qf6+ Qf7 35. Qh8+ Ke7 36. Bxd4+ Kd7 37. Rxe8 Rxe8 38. Qh4 Qxf4 39. Qxf4 Bxf4 40. Nd5 Be5 41. Nb6+ Kc6 42. Bf2 Bc7 43. Nc4 b5 44. Nd2 Re2 45. Nf3 Rxb2 46. Nd4+ Kd5 47. Nf3 Rb1+ 48. Be1 Bg3 49. h4 Bxe1 0-1


[Site "https://www.chess.com"]

[Event "Titled Tuesday Blitz May 31 Early 2022"]
[White "Aradhya, Garg"]
[Black "Manukian, Artak"]
[WhiteFideId "25006746"]
[BlackFideId "13301373"]
[WhiteElo "2169"]
[BlackElo "2545"]
[Result "0-1"]
[Round "10"]
[TimeControl "180+1"]
[Date "2022.06.01"]
[WhiteClock "0:00:38"]
[BlackClock "0:00:21"]

1. d4 d5 2. c4 dxc4 3. e4 e5 4. Nf3 exd4 5. Bxc4 Bb4+ 6. Bd2 Bxd2+ 7. Nbxd2 Nf6 8. O-O O-O 9. Rc1 Nc6 10. Re1 Bg4 11. h3 Bh5 12. e5 Nd5 13. e6 fxe6 14. Rxe6 Kh8 15. Re1 Nf4 16. Bf1 d3 17. Rc4 Qf6 18. b4 b5 19. Rce4 Rad8 20. Qa1 Qxa1 21. Rxa1 Bg6 22. Re3 Nd5 23. Re6 Ncxb4 24. Ne5 Bf5 25. Nf7+ Rxf7 26. Re5 Bg6 27. a4 Nc2 28. Rb1 Nc3 29. Rb3 Ne2+ 30. Bxe2 dxe2 31. Rxe2 Nd4 32. Re5 Nxb3 33. Nxb3 bxa4 34. Nc5 a3 35. Re1 Rf5 36. Ra1 Rxc5 37. Rxa3 a5 38. g4 h5 39. Kg2 hxg4 40. hxg4 Rd3 41. Ra4 Rdc3 42. Rd4 R3c4 43. Rd8+ Kh7 44. Kg3 a4 45. f4 a3 46. Ra8 Rc3+ 47. Kh4 Be4 48. f5 Bxa8 49. f6 gxf6 50. g5 R5c4+ 51. Kh5 Bf3# 0-1


[Site "https://www.chess.com"]

[Event "Titled Tuesday Blitz May 31 Early 2022"]
[White "Aravindh, Chithambaram VR."]
[Black "Maltsevskaya, Aleksandra"]
[WhiteFideId "5072786"]
[BlackFideId "24174041"]
[WhiteElo "2561"]
[BlackElo "2235"]
[Result "1-0"]
[Round "10"]
[TimeControl "180+1"]
[Date "2022.05.31"]
[WhiteClock "0:00:15"]
[BlackClock "0:00:02"]

1. Nf3 d5 2. d3 c6 3. g3 Bg4 4. Bg2 Nd7 5. O-O e6 6. e4 Ngf6 7. Qe1 Qc7 8. Nbd2 a5 9. e5 Ng8 10. a4 Ne7 11. d4 c5 12. c4 dxc4 13. Nxc4 Nd5 14. b3 Be7 15. Ba3 O-O 16. Rc1 cxd4 17. Bxe7 Nxe7 18. Nxd4 Qd8 19. Bxb7 Rb8 20. Nxa5 Bh3 21. Ndc6 Nxc6 22. Nxc6 Qb6 23. Nxb8 Qxb7 24. Nc6 Qxb3 25. Qd1 Qa3 26. Re1 Nb6 27. Re3 Qa2 28. Qh5 Bf5 29. Ne7+ Kh8 30. Nxf5 exf5 31. Qxf5 Qxa4 32. e6 Kg8 33. Rce1 Nc4 34. exf7+ Kh8 35. Re8 1-0


[Site "https://www.chess.com"]

[Event "Titled Tuesday Blitz May 31 Early 2022"]
[White "Barria Zuniga, Daniel"]
[Black "Costachi, Mihnea"]
[WhiteFideId "3400816"]
[BlackFideId "1217518"]
[WhiteElo "2414"]
[BlackElo "2476"]
[Result "1/2-1/2"]
[Round "10"]
[TimeControl "180+1"]
[Date "2022.05.31"]
[WhiteClock "0:00:05"]
[BlackClock "0:00:17"]

1. d4 d5 2. c4 c6 3. Nf3 Nf6 4. Nc3 a6 5. cxd5 cxd5 6. Bf4 Nc6 7. Rc1 e6 8. e3 Be7 9. Bd3 O-O 10. O-O Nh5 11. Be5 f6 12. Bg3 Nxg3 13. hxg3 Bd7 14. Na4 Qa5 15. Nc5 Bxc5 16. Rxc5 Qxa2 17. Qd2 Qb3 18. Rfc1 Rfc8 19. R1c3 Qb4 20. Qc2 f5 21. Rb3 Qa5 22. Rxb7 Qd8 23. Ne5 Nxe5 24. dxe5 Rxc5 25. Qxc5 Be8 26. b4 Rc8 27. Qe7 Qxe7 28. Rxe7 Rc1+ 29. Kh2 Bb5 30. Bxb5 axb5 31. Rxe6 Rb1 32. Rd6 Rxb4 33. Rxd5 Rb2 34. e6 Kf8 35. Rxf5+ Ke7 36. f4 Kxe6 37. Rg5 g6 38. e4 b4 39. Rb5 b3 40. g4 Re2 41. Rxb3 Rxe4 42. Kg3 h6 43. Rb6+ Kf7 44. f5 gxf5 45. gxf5 Kg7 46. Kf3 Ra4 47. g4 Rc4 48. Kg3 Rd4 49. Kh4 Rd1 50. Rg6+ Kh7 51. Kg3 Rd4 52. Kf3 Ra4 53. Re6 Kg7 54. Re4 Ra1 55. Kf4 Rf1+ 56. Ke5 Kf7 57. Rb4 Re1+ 58. Re4 Ra1 59. Rb4 Rg1 60. Rb7+ Kg8 61. Kf6 Rxg4 62. Rb8+ Kh7 63. Rb7+ Kg8 64. Rb8+ Kh7 65. Rb7+ Kg8 1/2-1/2


[Site "https://www.chess.com"]

[Event "Titled Tuesday Blitz May 31 Early 2022"]
[White "Bas Mas, Jose Joaquin"]
[Black "Chen, Qi b"]
[WhiteFideId "22219064"]
[BlackFideId "8614733"]
[WhiteElo "2233"]
[BlackElo "2432"]
[Result "1-0"]
[Round "10"]
[TimeControl "180+1"]
[Date "2022.05.31"]
[WhiteClock "0:00:50"]
[BlackClock "0:00:14"]

1. e4 c5 2. Nc3 Nc6 3. Bb5 Nd4 4. Nf3 a6 5. Bc4 e6 6. Nxd4 cxd4 7. Ne2 Nf6 8. d3 Bc5 9. O-O d5 10. exd5 exd5 11. Bb3 h6 12. Bf4 O-O 13. Be5 Qb6 14. a4 Re8 15. a5 Qe6 16. Bxd4 Bd6 17. Ng3 Bd7 18. Re1 Qxe1+ 19. Qxe1 Rxe1+ 20. Rxe1 Be6 21. Bxf6 gxf6 22. d4 Kg7 23. Ne2 Rc8 24. c3 f5 25. g3 Kf6 26. f4 Rc6 27. Kf2 Bc7 28. Ra1 b6 29. axb6 Rxb6 30. Nc1 Ke7 31. Ke3 Kd6 32. Ra2 Bc8 33. Bc2 Bd7 34. Nd3 Be6 35. b4 Rc6 36. Nc5 Bc8 37. Kd2 1-0


[Site "https://www.chess.com"]

[Event "Titled Tuesday Blitz May 31 Early 2022"]
[White "Begunov, Konstantin"]
[Black "Martins, Bruno Andre Leite"]
[WhiteFideId "4118510"]
[BlackFideId "1942255"]
[WhiteElo "2262"]
[BlackElo "2153"]
[Result "0-1"]
[Round "10"]
[TimeControl "180+1"]
[Date "2022.06.01"]
[WhiteClock "0:00:10"]
[BlackClock "0:00:13"]

1. d4 e6 2. c4 b6 3. Nc3 Bb7 4. Nf3 Nf6 5. Bg5 Bb4 6. Qb3 Bxc3+ 7. Qxc3 h6 8. Bh4 g5 9. Bg3 Ne4 10. Qc2 d6 11. e3 Nd7 12. Bd3 f5 13. O-O Qf6 14. Nd2 Nxd2 15. Qxd2 h5 16. f3 e5 17. dxe5 dxe5 18. Qc3 f4 19. Bf2 O-O-O 20. Rad1 Rhg8 21. Bh7 Rg7 22. Bc2 g4 23. exf4 gxf3 24. g3 Qxf4 25. Ba4 h4 26. Bxd7+ Kb8 27. Bh3 Rdg8 28. Qe3 hxg3 29. Qxf4 gxf2+ 30. Kxf2 exf4 31. Rd4 Rh8 32. Bf5 Rxh2+ 33. Ke1 Re2+ 34. Kd1 Rxb2 35. Rd8+ Bc8 36. Bxc8 c6 37. Bh3+ Kc7 38. Rc8+ Kb7 39. Rxf3 Rg1+ 40. Bf1 Kxc8 41. Kc1 Rxa2 42. Rxf4 Ra1+ 43. Kd2 Raxf1 44. Rh4 Rg3 45. Rh7 Rf2+ 46. Ke1 Ra2 47. Rh8+ Kb7 48. Rh7+ Ka6 49. Kf1 Rb3 50. Re7 Rb1+ 51. Re1 Rxe1+ 52. Kxe1 Rc2 53. Kd1 Rxc4 54. Kd2 b5 55. Kd3 Kb6 56. Kd2 a5 57. Kd3 a4 58. Kd2 a3 59. Kd3 a2 0-1


[Site "https://www.chess.com"]

[Event "Titled Tuesday Blitz May 31 Early 2022"]
[White "Bekturov, Tamerlan"]
[Black "Bharath Subramaniyam H"]
[WhiteFideId "13710184"]
[BlackFideId "46634827"]
[WhiteElo "2151"]
[BlackElo "2242"]
[Result "0-1"]
[Round "10"]
[TimeControl "180+1"]
[Date "2022.05.31"]
[WhiteClock "0:00:07"]
[BlackClock "0:00:07"]

1. d4 d5 2. c4 e6 3. Nf3 a6 4. cxd5 exd5 5. Nc3 c6 6. Bf4 Bd6 7. Bxd6 Qxd6 8. e3 Ne7 9. Bd3 Bf5 10. Bxf5 Nxf5 11. Qc2 Qe6 12. O-O-O Nd6 13. Rhe1 O-O 14. Ng5 Qh6 15. f4 Nd7 16. e4 dxe4 17. Ncxe4 Nxe4 18. Rxe4 Nf6 19. Re7 Nd5 20. Rxb7 Ne3 21. Qb3 Nxd1 22. Rxf7 Rxf7 23. Qxf7+ Kh8 24. Kxd1 Qxh2 25. Qf5 Qg1+ 26. Kc2 Qxg2+ 27. Kc3 Qh2 28. Nf7+ Kg8 29. Qe6 Qg3+ 30. Kc4 Qxf4 31. Nd8+ Kf8 32. Nxc6 Qf7 33. d5 Qxe6 34. dxe6 h5 35. Kd5 h4 36. e7+ Kf7 37. Kd6 h3 38. Kd7 Rh8 39. Ne5+ Kf6 40. Ng4+ Kg5 41. Ne5 Kf5 42. Nf7 Rg8 43. Nd6+ Kf4 44. e8=Q Rxe8 45. Nxe8 h2 46. Nxg7 h1=Q 47. Ne6+ Ke3 0-1


[Site "https://www.chess.com"]

[Event "Titled Tuesday Blitz May 31 Early 2022"]
[White "Bodnaruk, Anastasia"]
[Black "Csonka, Balazs"]
[WhiteFideId "4181751"]
[BlackFideId "742910"]
[WhiteElo "2332"]
[BlackElo "2404"]
[Result "0-1"]
[Round "10"]
[TimeControl "180+1"]
[Date "2022.05.31"]
[WhiteClock "0:00:06"]
[BlackClock "0:00:09"]

1. e4 c6 2. d4 d5 3. e5 c5 4. c3 Nc6 5. Be2 Bf5 6. Nf3 e6 7. O-O cxd4 8. cxd4 Nge7 9. a3 Bg4 10. Nbd2 Nf5 11. h3 Bxf3 12. Nxf3 Qb6 13. b4 Nfxd4 14. Be3 Nxf3+ 15. Bxf3 Qd8 16. Bf4 Be7 17. Be2 O-O 18. b5 Na5 19. Bd3 Rc8 20. Qg4 Re8 21. Bh6 g6 22. f4 Nc4 23. Rae1 Bc5+ 24. Kh1 Ne3 25. Rxe3 Bxe3 26. Bg5 Qc7 27. Bf6 Qc3 28. Bb1 Qc4 29. Re1 Qxf4 30. Qe2 Rc1 31. Rxc1 Bxc1 32. Qc2 Be3 33. Qe2 Rc8 34. Bc2 b6 35. a4 Rc3 36. Qd1 Qf2 0-1


[Site "https://www.chess.com"]

[Event "Titled Tuesday Blitz May 31 Early 2022"]
[White "Brodowski, Piotr"]
[Black "Vajda, Levente"]
[WhiteFideId "1124480"]
[BlackFideId "1203975"]
[WhiteElo "2431"]
[BlackElo "2573"]
[Result "1-0"]
[Round "10"]
[TimeControl "180+1"]
[Date "2022.05.31"]
[WhiteClock "0:00:38"]
[BlackClock "0:00:01"]

1. c4 Nf6 2. Nc3 g6 3. Nf3 Bg7 4. g3 O-O 5. Bg2 d6 6. d4 Nbd7 7. O-O e5 8. h3 a6 9. Be3 Re8 10. Rc1 c6 11. Qb3 exd4 12. Bxd4 Nc5 13. Qa3 Qe7 14. Rfd1 Be6 15. b3 Rad8 16. Qb2 a5 17. Kh2 Bc8 18. Re1 Ne6 19. Bb6 Ne4 20. Bxd8 Qxd8 21. Nd2 Nxc3 22. Rxc3 Nc5 23. Qc1 Bxc3 24. Qxc3 a4 25. b4 Nd7 26. Ne4 Re6 27. Rd1 Qe7 28. Qd4 c5 29. bxc5 dxc5 30. Qd3 Kg7 31. Nd6 Ne5 32. Nxc8 Nxd3 33. Nxe7 1-0


[Site "https://www.chess.com"]

[Event "Titled Tuesday Blitz May 31 Early 2022"]
[White "Buscar, Michael"]
[Black "Potapova, Margarita"]
[WhiteFideId "2603616"]
[BlackFideId "14126869"]
[WhiteElo "2010"]
[BlackElo "2216"]
[Result "0-1"]
[Round "10"]
[TimeControl "180+1"]
[Date "2022.06.01"]
[WhiteClock "0:00:04"]
[BlackClock "0:00:12"]

1. d4 d5 2. c4 e6 3. Nf3 dxc4 4. g3 Nf6 5. Bg2 Bb4+ 6. Nbd2 O-O 7. O-O b5 8. Ne5 Nd5 9. a4 c6 10. e4 Ne7 11. Ndf3 Bb7 12. Qc2 Nd7 13. Rd1 a5 14. Be3 Nb6 15. d5 exd5 16. Bxb6 Qxb6 17. Nd7 Qc7 18. Nxf8 Rxf8 19. axb5 cxb5 20. Nd4 Qc5 21. Qe2 c3 22. Nb3 Qc4 23. Qxc4 bxc4 24. bxc3 Bxc3 25. Nxa5 Bxa1 26. Nxb7 Bb2 27. exd5 c3 28. Be4 f5 29. Bc2 Rb8 30. d6 Rxb7 31. d7 Nc6 32. d8=Q+ Nxd8 33. Rxd8+ Kf7 34. Bxf5 g6 35. Bc2 Ke7 36. Rd3 Ra7 37. Re3+ Kd6 38. Kg2 Ra1 39. Re2 Kd5 40. Kf3 Kd4 41. Re4+ Kd5 42. Re2 Rc1 43. h4 Kd4 44. h5 Rxc2 45. Rxc2 Kd3 46. hxg6 hxg6 47. Rxc3+ Bxc3 48. Kg4 Bf6 49. Kf4 Kd4 50. g4 Kd5 51. f3 Ke6 52. Ke4 Kf7 53. f4 Bd8 54. Ke5 Bc7+ 55. Ke4 Bb8 56. Kf3 Ke7 57. Ke4 Bc7 58. Ke3 Ba5 59. Ke4 Kf7 60. Ke5 Bd2 61. g5 Bc3+ 62. Kd5 Ke7 0-1


[Site "https://www.chess.com"]

[Event "Titled Tuesday Blitz May 31 Early 2022"]
[White "Chigaev, Maksim"]
[Black "Barp, Alberto"]
[WhiteFideId "4108116"]
[BlackFideId "872555"]
[WhiteElo "2457"]
[BlackElo "2229"]
[Result "0-1"]
[Round "10"]
[TimeControl "180+1"]
[Date "2022.05.31"]
[WhiteClock "0:00:47"]
[BlackClock "0:00:40"]

1. g3 d5 2. Bg2 e5 3. d3 c6 4. Nd2 Nf6 5. h3 Bc5 6. e3 O-O 7. a3 Re8 8. b3 Nbd7 9. Bb2 Nf8 10. Ne2 Ng6 11. Qb1 a5 12. Qa2 b5 13. O-O-O a4 14. b4 Bf8 15. Qa1 c5 16. bxc5 Bxc5 17. d4 exd4 18. Nxd4 Bd7 19. c3 Ne5 20. Nc2 Nd3+ 21. Kb1 Nxf2 22. Rdf1 Nxh1 23. Bxh1 Bxh3 24. Rf4 Bd6 25. Rf2 Ng4 26. Re2 Ne5 27. Bxd5 Rc8 28. e4 Bg4 29. Rf2 Bc5 30. Rf4 Be2 31. Nb4 Be3 32. c4 Bxf4 33. gxf4 Nd3 34. Bxg7 Qh4 35. Nxd3 Bxd3+ 36. Ka2 Qf2 37. Qb2 Bxc4+ 38. Bxc4 bxc4 39. Bc3 Red8 40. Ka1 Rxd2 41. Qxd2 Qxd2 42. Bxd2 Rd8 43. Bb4 Rd3 44. Kb2 h5 45. Kc2 h4 0-1


[Site "https://www.chess.com"]

[Event "Titled Tuesday Blitz May 31 Early 2022"]
[White "Demchenko, Anton"]
[Black "Urazayev, Arystanbek"]
[WhiteFideId "4160258"]
[BlackFideId "13709810"]
[WhiteElo "2539"]
[BlackElo "2422"]
[Result "1-0"]
[Round "10"]
[TimeControl "180+1"]
[Date "2022.05.31"]
[WhiteClock "0:00:05"]
[BlackClock "0:00:03"]

1. e4 e5 2. Nf3 Nc6 3. Bc4 Bc5 4. d3 Nf6 5. Bg5 h6 6. Bh4 Be7 7. Bg3 d6 8. a4 a5 9. h3 O-O 10. Nc3 Be6 11. Bxe6 fxe6 12. Ne2 Nh5 13. O-O Qe8 14. c3 Qg6 15. Qb3 Rab8 16. Rae1 Kh8 17. Kh2 Qf7 18. d4 exd4 19. Nexd4 Nxd4 20. cxd4 c6 21. Qc3 Ra8 22. Re3 Qg6 23. Qb3 Rab8 24. Rfe1 b5 25. axb5 Rxb5 26. Qc3 Nxg3 27. fxg3 c5 28. dxc5 Rxc5 29. Qd2 e5 30. Ra3 Rb8 31. Re2 Rc4 32. Qd3 Rc5 33. Rc3 Rcb5 34. Rc7 Bf8 35. Rcc2 Qe6 36. Nh4 Rb3 37. Qd1 g6 38. Rf2 Be7 39. Nf3 a4 40. Rfd2 R3b4 41. Rf2 Rxe4 42. Rc7 Reb4 43. Rfc2 Rxb2 44. Rxb2 Rxb2 45. Qxa4 Rb8 46. Qa7 Re8 47. Qe3 Kg7 48. Nd4 Qf6 49. Nc6 g5 50. Qe4 h5 51. Rd7 h4 52. gxh4 gxh4 53. Qg4+ Kh6 54. Qe4 Qg5 55. Qf3 Rf8 56. Qe2 Qf4+ 57. Kg1 Qc1+ 58. Kh2 Qxc6 59. Rxe7 Qc1 60. Re6+ Kg7 61. Qg4+ Kf7 62. Qg6# 1-0


[Site "https://www.chess.com"]

[Event "Titled Tuesday Blitz May 31 Early 2022"]
[White "Dubov, Daniil"]
[Black "Goltsev, Dmitry"]
[WhiteFideId "24126055"]
[BlackFideId "24176710"]
[WhiteElo "2791"]
[BlackElo "2258"]
[Result "1-0"]
[Round "10"]
[TimeControl "180+1"]
[Date "2022.05.31"]
[WhiteClock "0:01:43"]
[BlackClock "0:01:12"]

1. d4 Nf6 2. Nf3 e6 3. Bg5 Be7 4. Nbd2 h6 5. Bxf6 Bxf6 6. e4 d5 7. c3 Nc6 8. Bd3 e5 9. exd5 Qxd5 10. Be4 Qb5 11. a4 Qxb2 12. O-O O-O 13. Nc4 Qxc3 14. Rc1 Qb4 15. dxe5 Be7 16. Qc2 Be6 17. Ne3 Nd4 18. Nxd4 Qxd4 19. Bxb7 Rab8 20. Qxc7 Bg5 21. Rcd1 Qxa4 22. Nd5 Rfd8 23. f4 Qd7 24. Nf6+ 1-0


[Site "https://www.chess.com"]

[Event "Titled Tuesday Blitz May 31 Early 2022"]
[White "Durarbayli, Vasif"]
[Black "Nakamura, Hikaru"]
[WhiteFideId "13402935"]
[BlackFideId "2016192"]
[WhiteElo "2528"]
[BlackElo "2850"]
[Result "1-0"]
[Round "10"]
[TimeControl "180+1"]
[Date "2022.05.31"]
[WhiteClock "0:00:08"]
[BlackClock "0:00:03"]

1. e4 c5 2. Nf3 e6 3. d4 cxd4 4. Nxd4 Nf6 5. Nc3 d6 6. g4 a6 7. g5 Nfd7 8. h4 b5 9. a3 Bb7 10. Rg1 Nb6 11. h5 g6 12. Be3 N8d7 13. Qg4 Be7 14. Qh3 Rf8 15. O-O-O Qc7 16. f4 e5 17. Nb3 Rc8 18. Rg2 Na4 19. Nd5 Bxd5 20. exd5 exf4 21. Bxf4 Nab6 22. Re2 Ne5 23. Na5 f6 24. hxg6 hxg6 25. gxf6 Bxf6 26. Nc6 Qd7 27. Nxe5 dxe5 28. Bxe5 Kd8 29. Bxf6+ Rxf6 30. Qh4 Qd6 31. Re6 Qf4+ 32. Qxf4 Rxf4 33. Rxb6 Rf2 34. Bd3 g5 35. Rd6+ Ke7 36. Rxa6 Kd7 37. Re6 Rc5 38. Rg6 Rg2 39. Kb1 Rxd5 40. Bxb5+ 1-0


[Site "https://www.chess.com"]

[Event "Titled Tuesday Blitz May 31 Early 2022"]
[White "Fedoseev, Vladimir"]
[Black "Bortnyk, Olexandr"]
[WhiteFideId "24130737"]
[BlackFideId "14120828"]
[WhiteElo "2726"]
[BlackElo "2723"]
[Result "0-1"]
[Round "10"]
[TimeControl "180+1"]
[Date "2022.05.31"]
[WhiteClock "0:00:19"]
[BlackClock "0:00:03"]

1. e4 Nf6 2. e5 Nd5 3. d4 d6 4. Nf3 dxe5 5. Nxe5 c6 6. Nd2 Nd7 7. Nd3 N7f6 8. Nf3 Bg4 9. Be2 e6 10. Nde5 Bxf3 11. Bxf3 Bd6 12. O-O O-O 13. Re1 Qc7 14. g3 c5 15. Nc4 Be7 16. dxc5 Bxc5 17. Ne5 Rfd8 18. Qe2 h6 19. c4 Nb6 20. Bf4 Qe7 21. Rad1 Bd4 22. h4 Na4 23. Qc2 Nb6 24. b3 a5 25. Rxd4 Rxd4 26. Be3 Rad8 27. Bxd4 Rxd4 28. Qc3 Qc5 29. Bxb7 Nbd5 30. Bxd5 Nxd5 31. Qf3 Nf6 32. Qa8+ Kh7 33. Nxf7 Rd2 34. Qf3 Ng4 35. Re2 Rd1+ 36. Kg2 Qf5 37. Qxf5+ exf5 38. Rc2 Rd7 39. Kf3 Rxf7 40. Kf4 Kg6 41. c5 Kf6 42. h5 Rc7 43. a3 Ne5 44. Ke3 Rb7 45. Rc3 Nc6 46. Kd3 Ke6 47. Kc4 Ne5+ 48. Kd4 Rd7+ 49. Ke3 Kd5 50. Kf4 Ke6 51. Ke3 Nc6 52. Rc4 Rd1 53. Rc3 Ra1 54. Rd3 Ke7 55. Rd6 Ne5 56. Kf4 Nd7 57. Rg6 Rxa3 58. Rxg7+ Ke6 59. c6 Nb6 60. c7 Nd5+ 61. Kf3 Rxb3+ 62. Kg2 Rc3 63. Rg6+ Ke5 64. Rxh6 Nxc7 65. Ra6 Nxa6 0-1


[Site "https://www.chess.com"]